 Dungeon Crawl Stone Soup version 0.29.1-2-gbd0b4ee654 (webtiles) character file.

Game seed: 1509162349656183949

137 GigaChad the Covered (level 5, -1/42 HPs)
             Began as a Minotaur Fighter on Nov 21, 2022.
             Was a Follower of Hepliaklqana.
             Slain by a gnoll
             ... wielding a +0 halberd
             ... led by a gnoll bouda
              (12 damage)
             ... on level 4 of the Dungeon.
             The game lasted 00:05:59 (2335 turns).

GigaChad the Covered (Minotaur Fighter)             Turns: 2335, Time: 00:06:01

Health: -1/42      AC: 14    Str: 22    XL:     5   Next: 0%
Magic:  4/4        EV:  7    Int:  5    God:    Hepliaklqana [*.....]
Gold:   158        SH:  4    Dex: 10    Spells: 4/4 levels left

rFire   + . .      SeeInvis .   a - +0 war axe
rCold   . . .      Faith    .   c - +0 buckler
rNeg    . . .      Spirit   .   x - +2 chain mail {rF+}
rPois   .          Reflect  .   (helmet restricted)
rElec   .          Harm     .   r - +2 cloak
rCorr   .          Rampage  .   (no gloves)
Will    .....                   (no boots)
Stlth   ..........              s - amulet of regeneration
HPRegen 0.94/turn               (no ring)
MPRegen 0.09/turn               (no ring)

@: no status effects
A: reduced essence, horns 2, retaliatory headbutt
a: Renounce Religion, Recall Ancestor, Ancestor Identity


You were on level 4 of the Dungeon.
You worshipped Hepliaklqana.
Hepliaklqana was aware of your devotion.
You visited 1 branch of the dungeon, and saw 4 of its levels.

You collected 158 gold pieces.

Inventory:

Hand Weapons
 a - a +0 war axe (weapon)
Armour
 b - a +0 scale mail
 c - a +0 buckler (worn)
 r - a +2 cloak (worn)
 x - a +2 chain mail of fire resistance (worn)
Jewellery
 s - an amulet of regeneration (around neck)
Wands
 t - a wand of flame (17)
 v - a wand of digging (6)
Scrolls
 g - a scroll of immolation
 i - 2 scrolls of blinking
 j - 2 scrolls of magic mapping {unknown}
 o - 3 scrolls of teleportation
 p - a scroll of butterflies
 u - a scroll of enchant weapon {unknown}
Potions
 d - 2 potions of might
 f - a potion of resistance {unknown}
 h - 2 potions of curing {unknown}
 k - a potion of ambrosia {unknown}
 l - a potion of flight {unknown}
 m - a potion of haste {unknown}
 n - 3 potions of attraction {unknown}
 q - 2 potions of heal wounds {unknown}
 w - a potion of lignification {unknown}


   Skills:
 + Level 4.3 Fighting
 + Level 4.3 Axes
 + Level 4.6 Armour
 * Level 4.5 Shields


You had 4 spell levels left.
You didn't know any spells.
Your spell library contained the following spells:

 Spells                   Type           Power      Damage    Failure   Level
 Necrotise                Necr           0%         1d4       99%         1
 Vampiric Draining        Necr           0%         2d6       100%        3
 Leda's Liquefaction      Hex/Erth       0%         N/A       100%        4
 Passage of Golubria      Tloc           0%         N/A       100%        4
 Agony                    Necr           0%         N/A       100%        5
 Lee's Rapid Deconstruct  Erth           0%         3d5*      100%        5
 Silence                  Hex/Air        0%         N/A       100%        5
 Statue Form              Tmut/Erth      0%         N/A       100%        6
 Lehudib's Crystal Spear  Conj/Erth      0%         10d2      100%        8


Dungeon Overview and Level Annotations

Branches:
Dungeon (4/15)
 Temple: D:4-7

Altars:
Hepliaklqana

Shops:
D:1 [


Innate Abilities, Weirdness & Mutations

Your life essence is reduced to manifest your ancestor. (-10% HP)
You have a pair of horns on your head.
You reflexively headbutt those who attack you in melee.


Message History

A gnoll comes into view. It is wielding a +0 flail.
The gnoll hits you from afar with a +0 halberd!
An orc comes into view. It is wielding a +0 flail.
The orc shouts!
The gnoll bouda gazes fiercely through you!
You feel your attacks grow feeble. The gnoll hits you with a +0 halberd.
The orc moves out of view.
You hit the gnoll but do no damage. The gnoll hits you but does no damage.
You barely miss the gnoll bouda. You block the gnoll's attack.
You hit the gnoll bouda but do no damage.
You headbutt the gnoll bouda.
The gnoll bouda is lightly wounded.
The gnoll bouda hits you but does no damage.
You block the gnoll's attack.
You hit the gnoll bouda but do no damage.
Your headbutt misses the gnoll bouda.
The gnoll bouda is lightly wounded.
The gnoll bouda hits you with a +0 whip.
The gnoll closely misses you.
The gnoll bouda barks out a call to the hunt!
The gnolls pick up the pace!
The gnoll hits you from afar with a +0 halberd!
You barely miss the gnoll bouda. You headbutt the gnoll bouda.
The gnoll bouda is lightly wounded.
The gnoll bouda closely misses you.
The gnoll hits you from afar with a +0 halberd.
You closely miss the gnoll bouda.
You headbutt the gnoll bouda, but do no damage.
The gnoll bouda is lightly wounded.
Your attacks no longer feel as feeble.
The gnoll bouda hits you with a +0 whip.
You block the gnoll's attack.
You hit the gnoll bouda.
The gnoll bouda is moderately wounded.
The gnoll bouda hits you with a +0 whip.
You block the gnoll's attack.
The gnoll bouda hits you with a +0 whip.
* * * LOW HITPOINT WARNING * * *
The gnoll hits you from afar with a +0 halberd!
You die... ## .... . #... .# ...# . ...
J#g. #gg

#g# ###@# ###..R#
##...### #[.###
.######.## ..#
......<.##########
#..
.##.#............###
#..
############...##
#.. ###..### #.#


You could see the friendly Wok the ancestor, a gnoll bouda, a jelly and 3
gnolls.

Vanquished Creatures
  A hound (D:3)
  Jessica (D:3)
  Ijyb (D:3)
  A white imp (D:4)
  A worm (D:2)
  A dart slug (D:1)
  An orc (D:3)
  7 endoplasms
  3 giant cockroaches
  3 goblins
  4 hobgoblins (D:1)
  4 ball pythons
  8 bats
  2 frilled lizards
  3 kobolds
  3 rats
44 creatures vanquished.

Vanquished Creatures (collateral kills)
  A ball python (D:3)
  A bat (D:3)
  A frilled lizard (D:3)
3 creatures vanquished.

Grand Total: 47 creatures vanquished

Notes
Turn   | Place    | Note
-------+----------+-------------------------------------------
     0 | D:1      | GigaChad the Minotaur Fighter began the quest for the Orb.
     0 | D:1      | Reached XP level 1. HP: 19/19 MP: 0/0
    77 | D:1      | Reached XP level 2. HP: 27/27 MP: 1/1
   490 | D:1      | Found Qaololilo's Armour Shop.
  1144 | D:2      | Reached XP level 3. HP: 33/33 MP: 2/2
  1734 | D:3      | Found a faded altar of an unknown god.
  1794 | D:3      | Prayed at the altar of an unknown god.
  1794 | D:3      | Became a worshipper of Hepliaklqana the Forgotten
  1794 | D:3      | Reached * piety under Hepliaklqana
  1813 | D:3      | Noticed Jessica
  1817 | D:3      | Killed Jessica
  1872 | D:3      | Reached XP level 4. HP: 36/36 MP: 3/3
  1959 | D:3      | Noticed Ijyb
  1964 | D:3      | Killed Ijyb
  2301 | D:4      | Reached XP level 5. HP: 42/42 MP: 4/4
  2335 | D:4      | Slain by a gnoll

Illustrated notes

Levels and vault maps discovered:
D:1:      lemuel_arrival_funnel, layout_basic, serial_shops, shop,
          roderic_lattice_a, roderic_serpentine_path,
          nicolae_kite_square_tiling_tiny, minmay_misc_feat_room
D:2:      layout_rooms, serial_bayou_ford_a
D:3:      layout_loops_ring, basic_ecumenical_altar, uniq_jessica, uniq_ijyb
D:4:      layout_rooms, minmay_manual_macuahuitl

Skill      XL: |  1  2  3  4 |
---------------+-------------+-----
Fighting       | 4 |  4.3
Armour         | 4 |  4.6
Shields        | 4 |  4.5
Axes           | 3 4 |  4.3

Action                   |  1- 3 |  4- 6 || total
-------------------------+-------+-------++-------
Melee: War axe           |    68 |    24 ||    92
       Headbutt          |    10 |     6 ||    16
Invok: Ancestor Identity |     1 |       ||     1
  Use: Scroll            |     5 |     1 ||     6
Armor: Scale mail        |    50 |    14 ||    64
       Chain mail        |       |     5 ||     5
Dodge: Dodged            |    36 |     8 ||    44
Block: Buckler           |    22 |     6 ||    28
